 Dungeon Crawl Stone Soup version 0.29.0-4-gdea44cf6ec (webtiles) character file.

Game seed: 4703525706856805992

37 qw the Chopper (level 3, -3/23 HPs)
             Began as a Tengu Warper on Aug 28, 2022.
             Slain by a gnoll
             ... wielding a +0 flail
              (5 damage)
             ... on level 2 of the Dungeon.
             The game lasted 00:00:03 (662 turns).

qw the Chopper (Tengu Warper)                        Turns: 662, Time: 00:00:04

Health: -3/23      AC:  6    Str: 13    XL:     3   Next: 41%
Magic:  7/7        EV:  9    Int: 13    God:
Gold:   51         SH:  0    Dex: 13    Spells: 6/6 levels left

rFire   . . .      SeeInvis .   Y - +0 hand axe
rCold   . . .      Faith    .   (no shield)
rNeg    . . .      Spirit   .   k - +0 scale mail
rPois   .          Reflect  .   (helmet restricted)
rElec   .          Harm     .   (no cloak)
rCorr   .          Rampage  .   (no gloves)
Will    .....                   (boots unavailable)
Stlth   ..........              (no amulet)
HPRegen 0.07/turn               (no ring)
MPRegen 0.10/turn               (no ring)

@: no status effects
A: beak, talons 3, antennae 1, robust 1, wild magic 1
a: no special abilities


You were on level 2 of the Dungeon.
You visited 1 branch of the dungeon, and saw 2 of its levels.

You collected 51 gold pieces.


Innate Abilities, Weirdness & Mutations

You have a beak for a mouth.
You have claws for feet.
You have a pair of small antennae on your head.
You are robust. (+10% HP)
Your spells are a little harder to cast, but a little more powerful.


   Skills:
 - Level 2.0 Fighting
 + Level 4.1 Axes
 - Level 1.0 Throwing
 - Level 1.1 Armour
 - Level 2.1 Dodging
 - Level 2.0 Spellcasting
 - Level 2.4 Translocations


You had 6 spell levels left.
You didn't know any spells.
Your spell library contained the following spells:

 Spells                   Type           Power      Damage    Failure   Level
 Blink                    Tloc           18%        N/A       65%         2
 Gell's Gravitas          Tloc           9%         N/A       86%         3
 Lesser Beckoning         Tloc           9%         N/A       86%         3
 Teleport Other           Tloc           9%         N/A       86%         3
 Manifold Assault         Tloc           9%         N/A       100%        5

Inventory:

Hand Weapons
 j - a +0 mace
 Y - a +0 hand axe (weapon)
Armour
 k - a +0 scale mail (worn)
Potions
 e - a potion of curing
 f - a potion of heal wounds {unknown}
 g - a potion of brilliance {unknown}
 h - a potion of mutation

Dungeon Overview and Level Annotations

Branches:
Dungeon (2/15)

Altars:


Message History

The gnoll hits you with a +0 whip.
You hit the gnoll. You claw the gnoll. You peck the gnoll.
The gnoll is almost dead.
The gnoll closely misses you.
You hit the gnoll.
You kill the gnoll!
You have reached level 3!
Your experience leads to an increase in your attributes!
Increase (S)trength, (I)ntelligence, or (D)exterity?
You feel stronger. x2 3 gnolls come into view.
Found a scroll labelled ZANNUAP GEIS.
The gnoll shouts!
A rat comes into view.
Things that are here:
a +0 whip; a gnoll corpse
656 ||| Stepping ~*~*~tactically~*~*~ (stealth).
The gnoll attacks as you move away! The gnoll hits you with a +0 flail.
You hit the gnoll but do no damage. You claw the gnoll, but do no damage.
Your peck misses the gnoll. The gnoll hits you with a +0 flail.
You hit the gnoll but do no damage. You claw the gnoll.
The gnoll is heavily wounded.
You closely miss the gnoll. The gnoll barely misses you.
The gnoll closely misses you.
You hit the gnoll. Your kick misses the gnoll. You peck the gnoll.
The gnoll is almost dead.
You barely miss the gnoll. The gnoll hits you but does no damage.
The gnoll hits you with a +0 flail.
You hit the gnoll.
You kill the gnoll!
You hit the gnoll but do no damage. The gnoll hits you with a +0 flail!
Your Axes skill increases to level 4!
You barely miss the gnoll. You claw the gnoll, but do no damage.
You closely miss the gnoll. The gnoll barely misses you. x2
You closely miss the gnoll. You hit the gnoll.
The gnoll hits you with a +0 flail.
You die...

#..
#.#.#.
#.#.#.
#.#..
.....
#?#.#
#.#.#
##@#.#
#)gg.#
#..#.#
#..#<#
#..#.#
#..#.#
#..#.#
#....r
#.##.#


You could see 2 gnolls.

Vanquished Creatures
  2 gnolls (D:2)
  2 ball pythons (D:1)
  An endoplasm (D:1)
  A goblin (D:1)
  2 hobgoblins (D:1)
  A kobold (D:1)
  2 quokkas (D:1)
  3 bats (D:1)
  A frilled lizard (D:1)
  3 rats (D:1)
18 creatures vanquished.

Vanquished Creatures (others)
  A fungus (D:1)
  3 plants (D:1)
4 creatures vanquished.

Grand Total: 22 creatures vanquished

Notes
Turn   | Place    | Note
-------+----------+-------------------------------------------
     0 | D:1      | qw the Tengu Warper began the quest for the Orb.
     0 | D:1      | Reached XP level 1. HP: 12/12 MP: 4/4
     0 | D:1      | 0 ||| qw: Version: 0.1-a-89-g26bdef1
     0 | D:1      | 0 ||| qw: Game counter: 2675
     0 | D:1      | 0 ||| qw: Always use a shield: true
     0 | D:1      | 0 ||| qw: God list: Okawaru
     0 | D:1      | 0 ||| qw: Allow faded altars: false
     0 | D:1      | 0 ||| qw: Do Orc after D:15 true
     0 | D:1      | 0 ||| qw: Do second Lair branch before Depths: true
     0 | D:1      | 0 ||| qw: Lair rune preference: random
     0 | D:1      | 0 ||| qw: Plans: Normal
     0 | D:1      | 0 ||| PLANNING D:1-11
   130 | D:1      | 130 ||| Stepping ~*~*~tactically~*~*~ (stealth).
   137 | D:1      | Reached XP level 2. HP: 16/17 MP: 6/6
   138 | D:1      | Reached skill level 3 in Axes
   155 | D:1      | Found a faded altar of an unknown god.
   600 | D:1      | 600 ||| UPGRADING to +0 scale mail.
   610 | D:1      | 610 ||| DROPPING +0 leather armour.
   611 | D:1      | 611 ||| READING scroll labelled FYMPA MATO.
   612 | D:1      | 612 ||| READING scroll labelled DOIGRAECHE.
   613 | D:1      | 613 ||| DRINKING 2 amethyst potions.
   614 | D:1      | 614 ||| DRINKING 2 red potions.
   614 | D:1      | Gained mutation: You have a pair of small antennae on your
                  | head. [potion of mutation]
   614 | D:1      | Gained mutation: You are robust. (+10% HP) [potion of
                  | mutation]
   614 | D:1      | Gained mutation: Your spells are a little harder to cast,
                  | but a little more powerful. [potion of mutation]
   622 | D:1      | 622 ||| DROPPING scroll of blinking.
   651 | D:2      | 651 ||| Stepping ~*~*~tactically~*~*~ (stealth).
   655 | D:2      | Reached XP level 3. HP: 23/23 MP: 7/7
   656 | D:2      | 656 ||| Stepping ~*~*~tactically~*~*~ (stealth).
   660 | D:2      | HP: 2/23 [gnoll/+0 flail (7)]
   661 | D:2      | Reached skill level 4 in Axes
   662 | D:2      | Slain by a gnoll

Levels and vault maps discovered:
D:1:      erik_arrival_orb_chamber, layout_basic,
          shapermc_ecumenical_altar_mp_ritualfount
D:2:      layout_loops_ring, serial_shops, shop_coins, grunt_decor_junction,
          uniq_natasha, uniq_robin

Skill      XL: |  1  2  3 |
---------------+----------+-----
Axes           | 3 4 |  4.1
Fighting       | |  2.0
Throwing       | |  1.0
Armour         | |  1.1
Dodging        | |  2.1
Spellcasting   | |  2.0
Translocations | |  2.4

Action                   || total
-------------------------++-------
Melee: Hand axe          ||    44
       Kick              ||    10
       Peck              ||     6
Throw: Boomerang         ||     7
  Use: Scroll            ||     2
       Potion            ||     2
Armor: Leather armour    ||    12
       Scale mail        ||     1
Dodge: Dodged            ||    26

Table legend:
 A = Non-vault XP
 B = Vault XP
 C = Vault XP percentage of total XP
 D = Non-vault monster count
 E = Vault monster count
 F = Vault count percentage of total count
                 A         B        C        D         E       F
            +---------+---------+-------+---------+---------+-------
      Total |      54 |       0 |   0.0 |      18 |       0 |   0.0
            +---------+---------+-------+---------+---------+-------
        D:1 |      26 |       0 |   0.0 |      16 |       0 |   0.0
        D:2 |      28 |       0 |   0.0 |       2 |       0 |   0.0
            +---------+---------+-------+---------+---------+-------
